[Event "*** Titled Tuesday 3|2 Blitz"]
[Site "Chess.com"]
[Date "2015.12.01"]
[Round "1"]
[White "Anton_Demchenko"]
[Black "BIG_Pirate"]
[Result "1-0"]
[WhiteElo "2665"]
[BlackElo "2268"]
[TimeControl "180+2"]
[EndTime "11:09:11 PST"]
[Termination "Anton_Demchenko won by resignation"]

1. e4 d5 2. exd5 Qxd5 3. Nc3 Qa5 4. g3 e6 5. Bg2 Nf6 6. Nge2 Be7 7. O-O O-O 8. d4 Rd8 9. Bd2 Qb6 10. Qc1 c6 11. h3 Nbd7 12. Rd1 Nd5 13. Ne4 N7f6 14.
Ng5 h6 15. Nf3 Bd7 16. c4 Nc7 17. Nc3 Na6 18. Be3 Qc7 19. a3 Be8 20. b4 Rac8 21. Ne5 Nd7 22. Nd3 Nf6 23. Qc2 Nb8 24. a4 Nbd7 25. c5 Nd5 26. Nxd5 cxd5 27. Bf4 Bd6 28. Be3 Nf6 29. Qe2 Bf8 30. Bf4 Qd7 31. Ne5 Qe7 32. b5 Nd7 33. Ng4 f6 34. Re1 Bf7 35. Rac1 Qe8 36. Qd2 Nb8 37. Qa5 a6 38. Ne3 Qd7 39.
Bxb8 Rxb8 40. c6 b6 41. Qc3 Qc7 42. h4 h5 43. Bh3 Bd6 44. Kg2 Ra8 45. Nc2 axb5 46.
axb5 Ra5 47. Qb3 Rda8 48. Bxe6 Bxe6 49. Rxe6 1-0

[Event "*** Titled Tuesday 3|2 Blitz"]
[Site "Chess.com"]
[Date "2015.12.01"]
[Round "1"]
[White "PowerThinking2650"]
[Black "RitchieBlackmore"]
[Result "1/2-1/2"]
[WhiteElo "2096"]
[BlackElo "2355"]
[TimeControl "180+2"]
[EndTime "11:09:11 PST"]
[Termination "Game drawn by repetition"]

1. e4 e5 2. Nf3 d5 3. exd5 e4 4. Qe2 Nf6 5. d3 Qxd5 6. Nbd2 Be7 7. Nxe4 O-O 8. Nc3 Bb4 9. Qd2 Re8+ 10. Be2 Qe6 11. a3 Bxc3 12. bxc3 Nc6 13. Nd4 Nxd4 14. cxd4 Bd7 15. f3 Bc6 16. Kf2 Rad8 17. c3 Qf5 18. Qf4 Qa5 19. Bd2 Nd5 20. Qg5 Qa4 21. Bd1 Qa6 22. c4 Nf6 23. d5 Ba4 24. Bc3 h6 25. Qf4 Rd6 26. Bxa4 Qxa4 27. Rhe1 Rf8 28. Qd4 c5 29.
Qe5 Rdd8 30. Qe2 Nh5 31. g3 b5 32. Qe5 Nf6 33. Qe2 bxc4 34. dxc4 Nh5 35. Qd3 Rfe8 36.
Rxe8+ Rxe8 37. Re1 Rd8 38. d6 Qd7 39. Rd1 Qh3 40. Kg1 Nxg3 41. hxg3 Qxg3+ 42. Kf1 Re8 43. d7 Qh3+ 44. Kf2 Qh2+ 45. Kf1 Qh3+ 46. Kf2 Qh2+ 47.
Kf1 Qh3+ 48. Kf2 Qh2+ 49. Kf1 1/2-1/2

[Event "*** Titled Tuesday 3|2 Blitz"]
[Site "Chess.com"]
[Date "2015.12.01"]
[Round "1"]
[White "MITerryble"]
[Black "AndroQueen"]
[Result "1-0"]
[WhiteElo "2613"]
[BlackElo "2262"]
[TimeControl "180+2"]
[EndTime "11:09:41 PST"]
[Termination "MITerryble won by resignation"]

1. d4 Nf6 2. Nf3 g6 3. Bg5 Bg7 4. Nbd2 O-O 5. c3 d6 6. e4 c5 7. dxc5 dxc5 8. Qc2 Nc6 9. Be2 Qc7 10. O-O h6 11. Be3 b6 12. h3 Bb7 13. a4 Rad8 14. Rfe1 Na5 15. Rac1 Nh5 16. Bb5 a6 17. Bf1 Nf4 18.
b4 Nc6 19. bxc5 bxc5 20. Bxc5 Ne5 21. Bd4 Ne6 22. Nxe5 Bxe5 23. Bxe5 Qxe5 24. Nf3 Qf4 25. Qb2 Bxe4 26. Nd4 Nxd4 27. cxd4 Ba8 28. Rc4 Qf6 29. a5 Rd5 30. Qa3 e6 31. Rb4 Rfd8 32. Bxa6 Rxd4 33. Rxd4 Qxd4 34. Bf1 Qd2 35. Re3 Kg7 36. a6 Qd1 37. Qc3+ Kg8 38. Qf6 Qd4 39. Qxd4 Rxd4 40. Rb3 Kg7 41. Rb8 Bd5 42. Bb5 Rd1+ 43. Kh2 Ra1 44. f3 Kf6 45. h4 g5 46. h5 Ra2 47.
Kg3 g4 48. fxg4 Rxg2+ 49. Kf4 Rf2+ 50. Ke3 Rf3+ 51. Kd4 Rf4+ 52. Kc5 Rxg4 53. a7 Rg5 54. Bc6 Bf3+ 55. Kb6 Bxc6 56. Kxc6 Ra5 57. a8=Q Rxa8 58. Rxa8 Kg5 59. Kd6 Kxh5 60. Ke5 Kg4 61. Rg8+ 1-0

[Event "*** Titled Tuesday 3|2 Blitz"]
[Site "Chess.com"]
[Date "2015.12.01"]
[Round "1"]
[White "kpio91"]
[Black "Rickstereo"]
[Result "1-0"]
[WhiteElo "2535"]
[BlackElo "2209"]
[TimeControl "180+2"]
[EndTime "11:09:41 PST"]
[Termination "kpio91 won by resignation"]

1. Nf3 Nf6 2. g3 g6 3. Bg2 Bg7 4. O-O O-O 5. d3 d5 6. Nbd2 c5 7. e4 Nc6 8. exd5 Nxd5 9. Re1 b6 10. Nc4 Bb7 11. a4 Re8 12. c3 a6 13. Qb3 Rb8 14.
Ng5 e6 15. Ne4 Ba8 16. Bg5 Qd7 17. Rad1 h6 18. Bc1 f5 19. Ned2 b5 20. axb5 axb5 21. Ne3 Ne5 22. Qc2 Kh7 23. f4 Nxe3 24.
Rxe3 Ng4 25. Re2 Bxg2 26. Kxg2 Qd5+ 27. Nf3 Nxh2 28. Kxh2 Qxf3 29. Re3 Qh5+ 30. Kg2 e5 31. Rh1 Qg4 32. Rh4 exf4 33. Rxg4 fxe3 34. Rh4 e2 35. Bd2 e1=Q 36. Bxe1 Rxe1 37. Rh1 Re6 38. Rf1 Rbe8 39. Rf2 b4 40. cxb4 Bd4 41. Rd2 cxb4 42. Qc4 Be3 43.
Re2 g5 44. Qxb4 f4 45. gxf4 gxf4 46. Kf3 R8e7 47. Rg2 Bc1 48. Kf2 Re2+ 49. Kf1 Re1+ 50.
Qxe1 1-0

[Event "*** Titled Tuesday 3|2 Blitz"]
[Site "Chess.com"]
[Date "2015.12.01"]
[Round "1"]
[White "SlovenskiZmaj"]
[Black "wilju"]
[Result "1-0"]
[WhiteElo "2314"]
[BlackElo "1799"]
[TimeControl "180+2"]
[EndTime "11:10:20 PST"]
[Termination "SlovenskiZmaj won on time"]

1. e4 e5 2. Nf3 Nc6 3. Bc4 Be7 4. c3 Nf6 5. d3 d6 6. Nbd2 O-O 7. O-O Na5 8. h3 c6 9. b4 Nxc4 10. Nxc4 Qc7 11.
Bg5 b5 12. Ne3 a5 13. a3 h6 14. Bxf6 Bxf6 15. d4 Be6 16. Qd2 Ra7 17. d5 cxd5 18.
Nxd5 Bxd5 19. Qxd5 Qxc3 20. Qxb5 axb4 21. Qxb4 Qxb4 22. axb4 Rxa1 23. Rxa1 d5 24. Nd2 d4 25. b5 Rb8 26. Rb1 Bd8 27. Kf1 f6 28. Ke2 Kf7 29.
Kd3 Bb6 30. Nc4 Ke6 31. f3 Kd7 32. h4 g6 33. g4 Ke6 34. h5 gxh5 35. gxh5 Bc5 36.
Nd2 Ra8 37. Kc4 Bb6 38. Kd3 Ra3+ 39. Ke2 d3+ 40. Kd1 Ra2 41. Nc4 Rh2 42. Rb2 Rh1+ 43. Kd2 Bd4 44. Rb3 Rxh5 45. b6 Rh3 46. b7 Ba7 47.
Rxd3 1-0

[Event "*** Titled Tuesday 3|2 Blitz"]
[Site "Chess.com"]
[Date "2015.12.01"]
[Round "1"]
[White "darsen_sanzhaev"]
[Black "Chopper1905"]
[Result "0-1"]
[WhiteElo "2266"]
[BlackElo "2638"]
[TimeControl "180+2"]
[EndTime "11:10:45 PST"]
[Termination "Chopper1905 won by checkmate"]

1. d4 Nf6 2. c4 e6 3. Nc3 Bb4 4. e3 O-O 5. Bd3 c5 6. Nf3 d5 7.
O-O cxd4 8. exd4 dxc4 9. Bxc4 b6 10. Bg5 Bb7 11. Qe2 h6 12. Bh4 Nbd7 13. Ne5 Re8 14. Nxd7 Qxd7 15. Bxf6 gxf6 16. Rad1 Rac8 17. Bb5 Bc6 18.
Bxc6 Rxc6 19. Ne4 Be7 20. Qg4+ Kh7 21. Qh5 Rf8 22. d5 Rc4 23. Qg4 Qa4 24. f3 f5 25.
Qh5 Qxa2 26. dxe6 fxe4 27. fxe4 Qxb2 28. Rd7 Rc1 29. Qf5+ Kh8 30. Rxe7 Qd4+ 31. Kh1 Rxf1+ 32. Qxf1 Qxe4 33. h3 Qg6 34. Qa1+ Qg7 35. Qxa7 Rg8 36. Qb7 Qa1+ 37. Kh2 Qe5+ 38. Kh1 Qe1+ 39. Kh2 Qg3+ 40.
Kh1 Qe1+ 41. Kh2 Qe5+ 42. Kh1 Rd8 43. Rd7 Qa1+ 44. Kh2 Qe5+ 45. Kh1 Rb8 46. Qa7 Qe1+ 47. Kh2 Rg8 48. Qc7 Qe4 49. Qc3+ Rg7 50. Rxf7 Qxg2# 0-1

[Event "*** Titled Tuesday 3|2 Blitz"]
[Site "Chess.com"]
[Date "2015.12.01"]
[Round "1"]
[White "bugsbunny444"]
[Black "salomez"]
[Result "1-0"]
[WhiteElo "2354"]
[BlackElo "2082"]
[TimeControl "180+2"]
[EndTime "11:11:13 PST"]
[Termination "bugsbunny444 won by resignation"]

1. Nf3 Nf6 2. c4 g6 3. b4 Bg7 4.
Bb2 O-O 5. g3 d5 6. cxd5 Nxd5 7.
Bxg7 Kxg7 8. Qb3 Nb6 9. Bg2 Nc6 10. O-O Be6 11. Qb2+ f6 12. d3 a6 13. Nc3 Qd7 14.
Ne4 Na4 15. Qa3 b5 16. Rfc1 Bd5 17. Nc3 Nxc3 18. Qxc3 Nd8 19. Qxc7 Qxc7 20. Rxc7 Re8 21. Nd4 Bxg2 22. Kxg2 Kf7 23. a4 Ne6 24. Nxe6 Kxe6 25. axb5 axb5 26. Rxa8 Rxa8 27. Rb7 Kd6 28. Rxb5 Kc6 29.
Rc5+ Kd6 30. Kf3 Ra4 31. Rc4 h5 32. h4 Ra2 33. Rd4+ Kc6 34. Rc4+ Kd6 35. Ke3 Rb2 36. f4 Ke6 37. Kf3 Kd6 38. e4 Ke6 39. Rc6+ Kd7 40.
Rc4 Kd6 41. Ke3 Rg2 42. Kf3 Rb2 43. Ke3 Rg2 44. Rd4+ Kc6 45. Kf3 Rb2 46. Rc4+ Kd6 47. g4 hxg4+ 48. Kxg4 Rd2 49. Rd4+ Ke6 50. f5+ gxf5+ 51.
exf5+ Ke5 52. Re4+ Kd6 53. Re6+ Kd7 54. Re3 Rb2 55.
Re4 Rd2 56. h5 Rxd3 57. h6 Ra3 58. Kh5 Ra8 59. Kg6 Rg8+ 60. Kf7 Rg5 61. Rxe7+ Kd6 62. Kxf6 Rh5 63. h7 Rh6+ 64. Kg5 Rh1 65. Rf7 Rg1+ 66. Kf6 Rh1 67. Kg7 Rg1+ 68. Kf8 Rh1 69. Kg8 Ke5 70. h8=Q+ 1-0

[Event "*** Titled Tuesday 3|2 Blitz"]
[Site "Chess.com"]
[Date "2015.12.01"]
[Round "1"]
[White "Dlugy"]
[Black "Canairez"]
[Result "0-1"]
[WhiteElo "2515"]
[BlackElo "2226"]
[TimeControl "180+2"]
[EndTime "11:11:14 PST"]
[Termination "Canairez won on time"]

1. d4 c6 2. Bf4 d5 3. e3 Nf6 4. c4 Qb6 5. Qc1 Bf5 6. Nc3 e6 7. Nf3 Be7 8. Be2 O-O 9. O-O Nbd7 10. h3 Ne4 11. c5 Qa5 12. Nd2 Nxc3 13. Qxc3 Qxc3 14.
bxc3 b5 15. a4 a6 16. Nb3 Bc2 17. Na5 Rfc8 18. Bd1 Bd3 19. Re1 e5 20. Bg3 Ra7 21. Be2 Bxe2 22. Rxe2 Bd8 23. Nxc6 Rxc6 24. axb5 Rc8 25.
Rea2 a5 26. b6 Nxb6 27. cxb6 Bxb6 28. Rb1 Ra6 29. Bxe5 Rxc3 30. Rb5 f6 31. Bf4 a4 32. Rxd5 a3 33. Bd6 Kf7 34. Rb5 Ke6 35. Bf8 g5 36. d5+ Kd7 37. Rxa3 Bc7 38. d6 Raxa3 39. dxc7 Ra1+ 40.
Kh2 Rxc7 41. g4 Rc2 42. Rf5 Rf1 43. Kg2 Rcc1 44. Rxf6 Rg1+ 45. Kf3 Rh1 46. Rh6 Rcf1 47. Bd6 Rhg1 48. Bg3 Ra1 49. Rxh7+ Ke6 50. Rh6+ Kf7 51. h4 Ra8 52. hxg5 Kg7 0-1

[Event "*** Titled Tuesday 3|2 Blitz"]
[Site "Chess.com"]
[Date "2015.12.01"]
[Round "1"]
[White "Maitreia"]
[Black "HansCoolNiemann"]
[Result "0-1"]
[WhiteElo "2457"]
[BlackElo "2185"]
[TimeControl "180+2"]
[EndTime "11:11:25 PST"]
[Termination "HansCoolNiemann won by checkmate"]

1. c4 Nf6 2. g3 g6 3. Bg2 Bg7 4. Nf3 O-O 5. O-O d5 6. cxd5 Nxd5 7. Nc3 Nb6 8. d3 Nc6 9. Be3 e5 10. Rc1 h6 11. d4 exd4 12. Nxd4 Nxd4 13. Qd2 Nc4 14.
Qd3 Nxe3 15. Qxe3 Nf5 16. Qf4 c6 17. Rfd1 Qg5 18. Qb4 Qe7 19. Qa5 Be6 20. e4 Nd4 21. e5 Rfd8 22. f4 b6 23. Qa4 b5 24.
Qa6 Bg4 25. Rf1 Qc5 26. Ne4 Qb6 27. Qxb6 axb6 28. Kh1 Be2 29. Rf2 Bc4 30. Nd6 Rxa2 31. Rd1 Nf5 32. Bxc6 Bf8 33. Rfd2 Nxd6 34. exd6 Bb3 35.
Re1 Rxd6 36. Rxd6 Bxd6 37. Re3 Rxb2 38. Rd3 Bc5 39. h4 Bc4 40. Rd8+ Kg7 41. h5 Rb1+ 42. Kg2 Be2 43. hxg6 Rg1+ 44. Kh2 Rc1 45. gxf7 Kxf7 46. Bd5+ Ke7 47. Rh8 b4 48. Rxh6 Bc4 49. Be4 b3 50. f5 Bd4 51. g4 Be5+ 52. Kg2 b2 53. Rh7+ Kf8 54. Kf2 b1=Q 55. Bxb1 Rxb1 56. Kf3 Rb3+ 57. Ke4 Bf6 58. Rc7 b5 59. Rc8+ Kg7 60. Rc7+ Bf7 61. Rb7 Rb4+ 62. Kf3 Bg5 63. Kg3 Kf6 64. Rb6+ Ke5 65.
Rb7 Rb3+ 66. Kf2 Bd5 67. Rg7 Kf4 68. Rg6 Bc4 69. f6 Rb2+ 70. Ke1 Bh4+ 71. Kd1 Ke3 72.
Rh6 Rb1+ 73. Kc2 Bd3+ 74. Kc3 b4# 0-1

[Event "*** Titled Tuesday 3|2 Blitz"]
[Site "Chess.com"]
[Date "2015.12.01"]
[Round "1"]
[White "rikyshi"]
[Black "Blitzstream"]
[Result "1/2-1/2"]
[WhiteElo "2118"]
[BlackElo "2413"]
[TimeControl "180+2"]
[EndTime "11:11:49 PST"]
[Termination "Game drawn - insufficient material"]

1. e4 d5 2. exd5 Qxd5 3. Nc3 Qa5 4. Nf3 Nf6 5. Be2 Bg4 6. h3 Bh5 7. b4 Qb6 8. a4 c6 9. Rb1 e6 10.
b5 c5 11. Ne5 Bxe2 12. Qxe2 Nbd7 13. Nc4 Qc7 14. a5 Be7 15. b6 axb6 16. axb6 Qc6 17. Nb5 Qxg2 18. Nc7+ Kf8 19. Rf1 Rc8 20. Rb3 Bd8 21.
Nd6 Bxc7 22. Nxc8 Be5 23. Ba3 Qc6 24. Na7 Qa4 25. Qb5 Qe4+ 26. Re3 Qxc2 27. Qb3 Qxb3 28.
Rxb3 Ke7 29. Rb5 Kd6 30. f4 Bd4 31. Ke2 Nd5 32. f5 e5 33. Rbb1 N7xb6 34. Nb5+ Kc6 35. Nxd4+ exd4 36. Rfc1 c4 37. Rg1 g6 38. Bb2 Re8+ 39. Kf3 c3 40. dxc3 dxc3 41. Rbc1 Nc4 42. Bxc3 Re3+ 43.
Kf2 Nxc3 44. fxg6 hxg6 45. Rg4 b5 46. Rxc4+ bxc4 47. Kxe3 Nd5+ 48. Kd4 Nf4 49. Rxc4+ Kd6 50. h4 Ne6+ 51. Ke4 f5+ 52. Kf3 Ke5 53. Ra4 Nd4+ 54. Kg2 Ne6 55. Ra5+ Kf4 56. Ra4+ Ke5 57. Ra1 Nf4+ 58.
Kf3 Ne6 59. Re1+ Kf6 60. Rg1 Nc5 61. Kf4 Nd3+ 62. Ke3 Ne5 63. Kf4 Nd3+ 64. Ke3 Nc5 65.
Kd4 Ne6+ 66. Ke3 Ng7 67. Rg5 Nh5 68. Kf3 Kg7 69. Rg1 Kh6 70. Rg5 Ng7 71. Rg1 Kh5 72. Kf4 Ne6+ 73. Ke5 Nf8 74. Kf6 Nd7+ 75. Ke7 Ne5 76.
Kf6 Ng4+ 77. Kg7 Ne5 78. Kf6 Nf3 79. Rg3 Nxh4 80. Rxg6 Nxg6 81. Kxf5 1/2-1/2

[Event "*** Titled Tuesday 3|2 Blitz"]
[Site "Chess.com"]
[Date "2015.12.01"]
[Round "2"]
[White "Fandorine"]
[Black "rikyshi"]
[Result "1-0"]
[WhiteElo "2520"]
[BlackElo "2116"]
[TimeControl "180+2"]
[EndTime "11:16:08 PST"]
[Termination "Fandorine won by resignation"]

1. e4 e6 2. d4 d5 3. Nc3 Nc6 4. Nf3 Nf6 5. e5 Ne4 6. Bd3 Bb4 7. Bd2 Nxd2 8. Qxd2 Be7 9. Ne2 b6 10. O-O Bb7 11. c3 Na5 12. Ng3 c5 13. Nh5 O-O 14.
Rfe1 cxd4 15. cxd4 Rc8 16. Qf4 Qd7 17. Nf6+ Bxf6 18.
exf6 Qd8 19. Bxh7+ Kxh7 20. Qh4+ Kg8 21. Ng5 1-0

[Event "*** Titled Tuesday 3|2 Blitz"]
[Site "Chess.com"]
[Date "2015.12.01"]
[Round "2"]
[White "kharposh"]
[Black "AndrewMcStone"]
[Result "1-0"]
[WhiteElo "2109"]
[BlackElo "1990"]
[TimeControl "180+2"]
[EndTime "11:16:31 PST"]
[Termination "kharposh won by resignation"]

1. e4 e6 2. d4 d5 3. Nc3 Nc6 4. Nf3 Nf6 5. e5 Ne4 6. Bd3 Bb4 7. Bd2 Nxd2 8. Qxd2 f6 9. a3 Bxc3 10. Qxc3 fxe5 11.
dxe5 Qe7 12. O-O O-O 13. Rfe1 Bd7 14. b4 a6 15. Qb2 Rxf3 16. gxf3 Qg5+ 17. Kh1 Rf8 18. Rg1 Qh5 19. Rg3 Rxf3 20. Be2 Nxe5 21. Bxf3 1-0

[Event "*** Titled Tuesday 3|2 Blitz"]
[Site "Chess.com"]
[Date "2015.12.01"]
[Round "2"]
[White "Rikikits"]
[Black "ChessWarrior7197"]
[Result "1-0"]
[WhiteElo "2575"]
[BlackElo "2446"]
[TimeControl "180+2"]
[EndTime "11:17:13 PST"]
[Termination "Rikikits won by resignation"]

1. e4 c5 2. Nf3 d6 3. d4 cxd4 4. Nxd4 Nf6 5. Nc3 a6 6. h3 e5 7.
Nde2 Be7 8. g4 O-O 9. Bg2 h6 10. Ng3 Nc6 11. Nf5 Bxf5 12. exf5 Qc7 13. h4 d5 14. g5 Ne4 15. Nxd5 Qa5+ 16. c3 Nd6 17. f6 Bd8 18. fxg7 Kxg7 19. Qh5 Rh8 20. gxh6+ Kf8 21.
Bg5 e4 22. Rd1 Ne5 23. Bxd8 Nd3+ 24. Rxd3 Rxd8 25. Qe5 Rxh6 26. Qe7+ Kg7 27. Rg3+ Kh7 28. Bxe4+ Nxe4 29. Qxe4+ Kh8 30. Qe5+ f6 31. Qe7 1-0

[Event "*** Titled Tuesday 3|2 Blitz"]
[Site "Chess.com"]
[Date "2015.12.01"]
[Round "2"]
[White "Moltini"]
[Black "Maitreia"]
[Result "0-1"]
[WhiteElo "2172"]
[BlackElo "2460"]
[TimeControl "180+2"]
[EndTime "11:17:28 PST"]
[Termination "Maitreia won by resignation"]

1. d4 Nf6 2. c4 g6 3. Nc3 Bg7 4. e4 O-O 5. Be2 d6 6. Nf3 e5 7. O-O Nc6 8. d5 Ne7 9. b4 a5 10. Ba3 axb4 11. Bxb4 Nd7 12. a4 Bh6 13. Nd2 f5 14. Nb3 Nf6 15. f3 Be3+ 16. Kh1 Kh8 17. a5 Neg8 18. Qd3 f4 19. Nd1 Ba7 20. c5 Nh5 21.
Rf2 Rf7 22. Nc3 Ngf6 23. Nb5 Bb8 24. Rc1 Bd7 25. cxd6 Bxb5 26. Qxb5 cxd6 27. Qb6 Qf8 28. Kg1 Ng3 29. Nd2 Ba7 30. Qxd6 Qxd6 31. Bxd6 Nxe2+ 32. Kf1 Nxc1 33. Bxe5 Bxf2 0-1

[Event "*** Titled Tuesday 3|2 Blitz"]
[Site "Chess.com"]
[Date "2015.12.01"]
[Round "2"]
[White "MinhGTrAn"]
[Black "Aygehovit1992"]
[Result "1-0"]
[WhiteElo "2631"]
[BlackElo "2438"]
[TimeControl "180+2"]
[EndTime "11:17:32 PST"]
[Termination "MinhGTrAn won by resignation"]

1. d4 d6 2. c4 g6 3. Nc3 Bg7 4. e4 e5 5. Nf3 exd4 6. Nxd4 Nc6 7. Be3 Nge7 8. Be2 O-O 9. O-O f5 10. exf5 Bxd4 11. Bxd4 Nxf5 12. Be3 Nxe3 13. fxe3 Rxf1+ 14. Qxf1 Be6 15. Bf3 Qe7 16. Bxc6 bxc6 17. Qf3 Bxc4 18. Qxc6 Qxe3+ 19. Kh1 Re8 20. Qxc4+ Kg7 21. Rf1 Re7 22. h3 Qe6 23. Qf4 Re8 24. Qd4+ Kg8 25. Qxa7 c5 26.
Qb7 Rf8 27. Rxf8+ Kxf8 28. Qe4 1-0

[Event "*** Titled Tuesday 3|2 Blitz"]
[Site "Chess.com"]
[Date "2015.12.01"]
[Round "2"]
[White "ilmago"]
[Black "DaPazz"]
[Result "1-0"]
[WhiteElo "1906"]
[BlackElo "1810"]
[TimeControl "180+2"]
[EndTime "11:17:34 PST"]
[Termination "ilmago won by resignation"]

1. e4 e5 2. Nf3 Nf6 3. Nxe5 d6 4. Nc4 Nxe4 5. d4 d5 6. Ne3 Be7 7. Bd3 O-O 8. O-O Nc6 9. c3 Bg5 10. f3 Bxe3+ 11. Bxe3 Nd6 12. Qc2 g6 13. Nd2 Bf5 14.
Bh6 Bxd3 15. Qxd3 Re8 16. Rae1 Qf6 17. Be3 a6 18. Bf2 Na5 19. b3 b5 20. Bg3 Nab7 21.
Be5 Qf5 22. Qe3 f6 23. g4 Qc2 24. Qh6 fxe5 25. dxe5 Nf7 26. Qf4 Nbd8 27. Rf2 Ne6 28. Qg3 Qxc3 29. f4 Nc5 30. Qxc3 1-0

[Event "*** Titled Tuesday 3|2 Blitz"]
[Site "Chess.com"]
[Date "2015.12.01"]
[Round "2"]
[White "ArnaudovP"]
[Black "gumersindo"]
[Result "1-0"]
[WhiteElo "2327"]
[BlackElo "2192"]
[TimeControl "180+2"]
[EndTime "11:17:56 PST"]
[Termination "ArnaudovP won by resignation"]

1. d4 d5 2. c4 c6 3. Nf3 Nf6 4. Nc3 dxc4 5. e3 Bf5 6. Bxc4 e6 7. O-O h6 8. Qe2 Ne4 9. Rd1 Be7 10. Nxe4 Bxe4 11.
Ne5 O-O 12. f3 Bh7 13. e4 c5 14. Be3 Qc7 15. Rac1 Nc6 16. Nxc6 Qxc6 17. Bb5 Qc7 18. dxc5 Rfd8 19. b4 a5 20. a3 axb4 21. axb4 Bf6 22. Rxd8+ Rxd8 23. Rd1 Ra8 24. Qd2 Be5 25. g3 g5 26. Qd7 Bxg3 27. Qxc7 Bxc7 28. Rd7 Rc8 29. Bd4 g4 30. Kg2 gxf3+ 31. Kxf3 Bg6 32. Bf6 Kh7 33. e5 Bh5+ 34. Ke3 Bg6 35. h4 Bf5 36. h5 Kg8 37. Be2 b6 38. Ba6 1-0

[Event "*** Titled Tuesday 3|2 Blitz"]
[Site "Chess.com"]
[Date "2015.12.01"]
[Round "2"]
[White "spectralsoul"]
[Black "FrankieJay"]
[Result "1-0"]
[WhiteElo "2473"]
[BlackElo "2148"]
[TimeControl "180+2"]
[EndTime "11:17:59 PST"]
[Termination "spectralsoul won by resignation"]

1. Nf3 Nf6 2. c4 g6 3. Nc3 Bg7 4. d4 O-O 5. g3 d6 6. Bg2 Nbd7 7. O-O e5 8. e4 c6 9. h3 Qb6 10. Re1 exd4 11. Nxd4 Ne8 12. Nc2 a5 13. Na4 Qc7 14. Bf4 b5 15. cxb5 cxb5 16. Nc3 Rb8 17. Nd5 Qd8 18. Nd4 Bb7 19. Rc1 Ne5 20. b3 b4 21.
Be3 Rc8 22. Rxc8 Bxc8 23. f4 f5 1-0

[Event "*** Titled Tuesday 3|2 Blitz"]
[Site "Chess.com"]
[Date "2015.12.01"]
[Round "2"]
[White "swayamsm"]
[Black "bugsbunny444"]
[Result "1-0"]
[WhiteElo "2360"]
[BlackElo "2345"]
[TimeControl "180+2"]
[EndTime "11:18:44 PST"]
[Termination "swayamsm won by resignation"]

1. d4 e6 2. c4 b6 3. Nc3 Bb7 4. e4 Bb4 5. Bd3 f5 6. Qh5+ g6 7. Qe2 Nf6 8. f3 fxe4 9. fxe4 Bxc3+ 10. bxc3 Nxe4 11. Nf3 Nxc3 12. Qc2 Bxf3 13. O-O Ne2+ 14. Bxe2 Bxe2 15. Qxe2 Qh4 16. Qe5 Rg8 17. Bg5 Qh5 18.
Qf6 1-0

[Event "*** Titled Tuesday 3|2 Blitz"]
[Site "Chess.com"]
[Date "2015.12.01"]
[Round "2"]
[White "Saitama_Hero"]
[Black "lukas_111111"]
[Result "1-0"]
[WhiteElo "2131"]
[BlackElo "2208"]
[TimeControl "180+2"]
[EndTime "11:18:56 PST"]
[Termination "Saitama_Hero won by resignation"]

1. d4 Nf6 2. c4 g6 3. Nc3 Bg7 4. e4 d6 5. f4 O-O 6. Nf3 c5 7. d5 e6 8. dxe6 Bxe6 9. Bd3 Nc6 10. f5 Bd7 11. O-O Re8 12. fxg6 hxg6 13.
Bg5 Be6 14. Nd5 Bxd5 15. exd5 Ne5 16. Nxe5 Rxe5 17. Bxf6 Bxf6 18. Qf3 Kg7 19. Rae1 Rxe1 20. Rxe1 Bxb2 21. Kh1 Qh4 22. g3 Qd4 23. Re4 Qf6 24. Rf4 Qe7 25. h4 Be5 26. Rg4 Rh8 27. Kg2 Qf6 28.
Qe4 Bd4 29. Rf4 Qe5 30. Qf3 f5 31. Bxf5 Be3 32. Re4 Qb2+ 33. Kh3 Bg1 34. Re7+ Kf8 35.
Be6+ Kxe7 36. Qf7+ 1-0

[Event "*** Titled Tuesday 3|2 Blitz"]
[Site "Chess.com"]
[Date "2015.12.01"]
[Round "2"]
[White "Svetlin_Mladenov"]
[Black "MFBerna"]
[Result "0-1"]
[WhiteElo "2318"]
[BlackElo "2173"]
[TimeControl "180+2"]
[EndTime "11:19:01 PST"]
[Termination "MFBerna won by checkmate"]

1. e4 c5 2. Nf3 d6 3. d4 cxd4 4. Nxd4 Nf6 5. Nc3 a6 6. Be2 e5 7. Nb3 Be7 8. O-O Be6 9. Re1 Nbd7 10. Bf3 O-O 11. a4 b6 12. Nd2 Rc8 13. Nf1 Qc7 14.
Ne3 Nc5 15. Bd2 Rfd8 16. Ncd5 Bxd5 17. exd5 g6 18. c4 Nce4 19. Bc1 a5 20. Ra3 Bf8 21. h4 Qc5 22. h5 Ng5 23. hxg6 hxg6 24. Rc3 Nxf3+ 25. Qxf3 Kg7 26. Rb3 Be7 27. Qg3 Rh8 28.
Nf5+ Kf8 29. Be3 Qxc4 30. Rc3 gxf5 31. Rxc4 Rxc4 32. Bg5 Rg4 33. Qe3 f4 34. Qxb6 Rxg5 35. f3 Nxd5 36. Qxa5 Ne3 37. Qc7 Rxg2# 0-1

[Event "*** Titled Tuesday 3|2 Blitz"]
[Site "Chess.com"]
[Date "2015.12.01"]
[Round "2"]
[White "kikydu96"]
[Black "stepanosinovsky"]
[Result "1-0"]
[WhiteElo "2255"]
[BlackElo "2196"]
[TimeControl "180+2"]
[EndTime "11:19:11 PST"]
[Termination "kikydu96 won on time"]

1. e4 e5 2. Nf3 Nc6 3. d4 exd4 4. Nxd4 Bc5 5. Be3 Qf6 6. Nb5 Bxe3 7. fxe3 Qh4+ 8. g3 Qxe4 9. Nxc7+ Kd8 10. Nxa8 Qxh1 11. Qd6 Nge7 12. Nd2 Qxh2 13. O-O-O Qh6 14. Qc7+ Ke8 15. Nc4 Kf8 16. b4 b5 17. Nd6 Qxe3+ 18. Kb1 Qxg3 19. Bxb5 Qf4 20. a3 Qf3 21. Rf1 Qxa3 22.
Rxf7+ Kg8 23. Rxe7 Qxb4+ 24. Kc1 Qa3+ 25. Kd2 Qb4+ 26.
Kd1 Qg4+ 27. Re2 1-0

[Event "*** Titled Tuesday 3|2 Blitz"]
[Site "Chess.com"]
[Date "2015.12.01"]
[Round "2"]
[White "GMharikrishna"]
[Black "E-Shaposhnikov"]
[Result "0-1"]
[WhiteElo "2513"]
[BlackElo "2490"]
[TimeControl "180+2"]
[EndTime "11:19:12 PST"]
[Termination "E-Shaposhnikov won by resignation"]

1. d4 Nf6 2. c4 e6 3. Nc3 Bb4 4. e3 c5 5. Ne2 cxd4 6. exd4 d5 7. a3 Be7 8. Nf4 dxc4 9. Bxc4 Nc6 10. Be3 O-O 11.
O-O Bd6 12. d5 Ne5 13. Be2 exd5 14. Nfxd5 Nxd5 15. Qxd5 Ng4 16. Bxg4 Bxg4 17. h3 Be6 18. Qxb7 Rb8 19. Qa6 Be5 20. Rad1 Qh4 21. Nd5 Rxb2 22. Bc5 Bxh3 23. Bd6 Bxg2 24. Ne7+ Kh8 0-1

[Event "*** Titled Tuesday 3|2 Blitz"]
[Site "Chess.com"]
[Date "2015.12.01"]
[Round "2"]
[White "AleksandrNevski"]
[Black "PowerThinking2650"]
[Result "1-0"]
[WhiteElo "2356"]
[BlackElo "2093"]
[TimeControl "180+2"]
[EndTime "11:19:16 PST"]
[Termination "AleksandrNevski won by resignation"]

1. Nf3 Nf6 2. b3 d5 3. Bb2 Bf5 4. d3 h6 5. Nbd2 e6 6. e3 Be7 7. Qe2 O-O 8. Rg1 c5 9. O-O-O a5 10. g4 Bg6 11. Ne5 a4 12. Nxg6 fxg6 13. g5 hxg5 14.
Bh3 g4 15. Bxg4 Nxg4 16. Qxg4 Bf6 17. Qxe6+ Rf7 18. Bxf6 Qxf6 19. Qxf6 Rxf6 20. f4 Nc6 21. Rdf1 b5 22. Kb2 axb3 23. axb3 Nb4 24. Ra1 Rfa6 25. Rxa6 Rxa6 26. Rc1 d4 27. exd4 cxd4 28. Nf3 Nc6 29. Re1 Kf7 30. Re4 Kf6 31. Nxd4 Nxd4 32. Rxd4 Kf5 33. c4 bxc4 34. dxc4 1-0

[Event "*** Titled Tuesday 3|2 Blitz"]
[Site "Chess.com"]
[Date "2015.12.01"]
[Round "2"]
[White "Herman-NY"]
[Black "dawnrule"]
[Result "0-1"]
[WhiteElo "2211"]
[BlackElo "2225"]
[TimeControl "180+2"]
[EndTime "11:19:19 PST"]
[Termination "dawnrule won by resignation"]

1. e4 c5 2. Nf3 d6 3. d4 cxd4 4. Nxd4 Nf6 5. Nc3 g6 6. Be3 Bg7 7. f3 O-O 8. Qd2 Nc6 9. Bc4 Bd7 10. h4 Rc8 11. Bb3 h5 12. O-O-O Ne5 13. Bg5 Rc5 14. Kb1 a5 15. a4 Nc4 16. Qd3 Qc8 17. Bxf6 Bxf6 18.
Nd5 Ne5 19. Nxf6+ exf6 20. Qe2 b5 21. axb5 Qa8 22. Ba4 Rfc8 23. b3 Qb7 24. Rd2 Rc3 25. Rhd1 Qb6 26. Qf1 Qc5 27. Ne2 Rxc2 28. Nd4 Rxd2 29.
Rxd2 Qb4 30. Rb2 Qxd4 0-1

[Event "*** Titled Tuesday 3|2 Blitz"]
[Site "Chess.com"]
[Date "2015.12.01"]
[Round "2"]
[White "AvitalBor"]
[Black "FabianEnglert"]
[Result "1-0"]
[WhiteElo "2356"]
[BlackElo "2305"]
[TimeControl "180+2"]
[EndTime "11:19:25 PST"]
[Termination "AvitalBor won by resignation"]

1. e4 g6 2. d4 Bg7 3. c3 d6 4.
Bd3 Nf6 5. Nf3 O-O 6. O-O c5 7. Be3 b6 8. h3 Bb7 9. Nbd2 Nbd7 10. Re1 e5 11. a4 Re8 12. Nc4 Qc7 13. d5 Rf8 14. b4 h6 15. Qd2 Kh7 16. b5 Nh5 17. a5 a6 18. axb6 Nxb6 19. Nxb6 Qxb6 20. bxa6 Bc8 21.
Reb1 Qc7 22. Qb2 Nf4 23. Bf1 f5 24. Qb6 Rf7 25. Qxc7 Rxc7 26. Nd2 fxe4 27. c4 Rxa6 28. Rxa6 Bxa6 29. Nxe4 Bf8 30. Rb6 Bc8 31. Nxd6 Bf5 32. Nxf5 gxf5 33. Rf6 Bg7 34. Ra6 Ng6 35. d6 Rc8 36. Ra7 Ra8 37. Rxa8 1-0